 Dungeon Crawl Stone Soup version 0.32-a0-571-gec57dfcd37 (webtiles) character file.

Game seed: 3441285737717625584

193 hikkokomori the Chopper (level 5, 0/44 (47) HPs)
             Began as a Mountain Dwarf Cinder Acolyte on Mar 1, 2024.
             Was a High Priest of Ignis.
             Slain by Ijyb
             ... wielding a +5 dagger of venom
              (1 damage)
             ... on level 4 of the Dungeon.
             The game lasted 00:06:49 (3252 turns).

hikkokomori the Chopper (MDCA)                      Turns: 3252, Time: 00:06:50

HP:   0/44 (47)     AC: 11    Str: 21    XL:     5   Next: 43%
MP:   8/8           EV:  5    Int: 15    God:    Ignis [*****.]
Gold: 246           SH:  0    Dex:  4    Spells: 6/8 levels left

rFire   + + .        a - -1 hand axe (venom)
rCold   . . .        (no shield)
rNeg    . . .        i - +1 plate armour {rF+}
rPois   .            (no helmet)
rElec   .            (no cloak)
rCorr   .            (no gloves)
SInv    .            (no boots)
Will    .....        (no amulet) Stlth
                     (no ring)
HPRegen 0.27/turn    (no ring)
MPRegen 0.11/turn

%: no passive effects
@: confused, lethally poisoned (0 -> -14), ambrosia-drunk, drained
A: runic magic, artefact enchanting, large bone plates 1, strong 1, evolution 1
a: Renounce Religion, Fiery Armour, Foxfire Swarm, Rising Flame


You were on level 4 of the Dungeon.
You worshipped Ignis.
Ignis was extremely pleased with you.
You visited 1 branch of the dungeon, and saw 4 of its levels.

You collected 246 gold pieces.

Inventory:

Hand Weapons
 a - a -1 hand axe of venom (weapon)
Missiles
 d - a javelin (quivered)
Armour
 b - a +0 robe
 i - a +1 plate armour of fire resistance (worn)
 q - the +1 leather armour of the Equinox {-Tele rElec Will+ Str+4}
   (You took it off an orc on level 3 of the Dungeon)

   Str+4:     It affects your strength (+4).
   rElec:     It insulates you from electricity.
   Will+:     It increases your willpower.
   -Tele:     It prevents most forms of teleportation.
Scrolls
 c - a scroll of enchant weapon {unknown}
 e - a scroll of identify
 f - a scroll of immolation
 g - a scroll of blinking {unknown}
 m - 2 scrolls of vulnerability
 n - a scroll of fog {unknown}
 p - a scroll of teleportation {unknown}
 v - a scroll of amnesia {unknown}
Potions
 h - a potion of mutation
 k - a potion of attraction {unknown}
 o - a potion of enlightenment
 r - a potion of magic {unknown}
 s - a potion of haste {unknown}
 t - a potion of lignification {unknown}


   Skills:
 + Level 4.4 Fighting
 + Level 4.8 Axes
 + Level 2.3 Spellcasting
 + Level 4.8 Fire Magic


You had 6 spell levels left.
You knew the following spells:

 Your Spells              Type           Power      Damage    Failure   Level
a - Scorch                Fire           32%        2d6       11%         2

Your spell library contained the following spells:

 Spells                   Type           Power      Damage    Failure   Level
 Magic Dart               Conj           4%         1d3       45%         1
 Blink                    Tloc           2%         N/A       61%         2
 Call Imp                 Summ           2%         N/A       61%         2
 Jinxbite                 Hex            2%         N/A       61%         2
 Lesser Beckoning         Tloc           2%         N/A       61%         2
 Momentum Strike          Conj/Tloc      2%         3d8       61%         2
 Static Discharge         Conj/Air       2%         3-4/arc   61%         2
 Airstrike                Air            0%         2d(1-17)  99%         4
 Summon Lightning Spire   Summ/Air       1%         N/A       99%         4
 Yara's Violent Unravell  Hex/Alch       0%         3d3       100%        5
 Enfeeble                 Hex            0%         N/A       100%        7


Dungeon Overview and Level Annotations

Branches:
Dungeon (4/15)
 Temple: D:4-7

Altars:
Makhleb
Sif Muna
Trog
Xom

Annotations:
D:4 Ijyb


Innate Abilities, Weirdness & Mutations

Your spellcasting is much less encumbered by armour.
You can use scrolls of enchantment on lesser artefacts.
You are partially covered in large bone plates. (SH +4)
Your muscles are strong. (Str +4, Int/Dex -1)
You have hidden genetic potential.


Message History

Okay, then.
You hit Ijyb but do no damage.
Ijyb is moderately wounded.
Ijyb hits you with a +5 dagger of venom.
* * * LOW HITPOINT WARNING * * *
You are lethally poisoned!
You feel better.
Ijyb hits you with a +5 dagger of venom.
* * * LOW HITPOINT WARNING * * *
You are lethally poisoned!
As you read the scroll labelled VUPIB WEFORRA, it crumbles to dust.
It is a scroll of brand weapon.
Your -1 hand axe of flaming drips with poison.
a - a -1 hand axe of venom (weapon)
* * * LOW HITPOINT WARNING * * *
You feel very sick.
Ijyb hits you with a +5 dagger of venom.
* * * LOW HITPOINT WARNING * * *
You are more poisoned.
Unknown command.
It was a potion of ambrosia.
You are confused.
You feel invigorated.
* * * LOW HITPOINT WARNING * * *
You feel very sick. Ijyb barely misses you.
* * * LOW HITPOINT WARNING * * *
You feel very sick.
* * * LOW HITPOINT WARNING * * *
You feel very sick.
Ijyb hits you with a +5 dagger of venom.
* * * LOW HITPOINT WARNING * * *
You are more poisoned.
You bump into the rock wall.
* * * LOW HITPOINT WARNING * * *
You feel very sick.
Ijyb hits you with a +5 dagger of venom.
You die...
Ijyb screams, "Time for next experiment!"
Ignis goes out, and joins you in death.

#.###..#.# #.# #.##...#.#
#.# #.##.#.#.#########.#
#.##.#.#...........#
#####.#))#.#..##########
#...#.#)##.#..#
#...#.#)##.#..#
#...#...##.#..##########
##.)....###.#..#@g......(
#......####.#..#.#######.
.>..........#..#.#
##...#.######..#.#
#...#.# #..#.# #...#.#
#..#.# ##...#.# #..#.#
.......# #..#'##########
.......# #.............#


You could see Ijyb (inner flame).

Vanquished Creatures
  A hound (D:3)
  An orc wizard (D:3)
  4 gnolls (D:4)
  An adder (D:3)
  4 dart slugs
  A ribbon worm (D:4)
  4 orcs (D:3)
  8 ball pythons
  7 bats
  11 endoplasms
  2 giant cockroaches (D:4)
  4 goblins
  5 hobgoblins
  5 jackals
  A quokka (D:1)
  3 frilled lizards
  8 kobolds
  5 rats
75 creatures vanquished.

Notes
Turn   | Place    | Note
-------+----------+-------------------------------------------
     0 | D:1      | hikkokomori the Mountain Dwarf Cinder Acolyte began the
                  | quest for the Orb.
     0 | D:1      | Reached XP level 1. HP: 19/19 MP: 2/2
    88 | D:1      | Reached XP level 2. HP: 18/26 MP: 3/3
   226 | D:1      | Found a faded altar of an unknown god.
   333 | D:1      | Learned a level 2 spell: Scorch
   377 | D:1      | Reached XP level 3. HP: 28/33 MP: 5/5
  1827 | D:3      | Found a bloodstained altar of Trog.
  1832 | D:3      | Found a shimmering blue altar of Sif Muna.
  1951 | D:3      | Identified the +1 leather armour of the Equinox {-Tele
                  | rElec Will+ Str+4}
  1959 | D:3      | Reached XP level 4. HP: 19/40 MP: 6/6
  2251 | D:3      | Reached XP level 5. HP: 37/46 MP: 8/8
  2388 | D:3      | Found a burning altar of Makhleb.
  2389 | D:3      | Found a shimmering altar of Xom.
  2644 | D:3      | Gained mutation: You are partially covered in large bone
                  | plates. (SH +4) [potion of mutation]
  2644 | D:3      | Gained mutation: Your muscles are strong. (Str +4, Int/Dex
                  | -1) [potion of mutation]
  2644 | D:3      | Gained mutation: You have hidden genetic potential. [potion
                  | of mutation]
  3004 | D:4      | HP: 2/43 [gnoll/+0 flail (7)]
  3220 | D:4      | Noticed Ijyb
  3246 | D:4      | HP: 2/44 [Ijyb/+5 dagger of venom (5)]
  3251 | D:4      | HP: 2/44 [Ijyb/+5 dagger of venom (2)]
  3252 | D:4      | Slain by Ijyb

Illustrated notes

Levels and vault maps discovered:
D:1:      lightli_arrival_boilingwater, layout_rooms,
          chequers_ecumenical_altar_island, minmay_misc_feat_five
D:2:      layout_basic
D:3:      layout_rooms, grunt_temple_overflow_champion_of_chaos,
          hellmonk_overflow_destroyed_library, chequers_serial_rivers_room_a,
          minivault_26
D:4:      layout_basic, mainiacjoe_overflow_catwalk, uniq_ijyb, uniq_menkaure

Skill      XL: |  1  2  3  4 |
---------------+-------------+-----
Fire Magic     | 4 |  4.8
Axes           | 4 |  4.8
Fighting       | 4 |  4.4
Spellcasting   | 2 |  2.3

Action                     |  1- 3 |  4- 6 || total
---------------------------+-------+-------++-------
  Melee: Hand axe          |   158 |   141 ||   299
  Throw: Javelin           |       |     7 ||     7
 Invoke: Fiery Armour      |     1 |     1 ||     2
    Use: Potion            |       |     5 ||     5
         Scroll            |       |     4 ||     4
 Armour: Robe              |    95 |       ||    95
         Plate armour      |    31 |   126 ||   157
         Skin              |       |    17 ||    17
  Dodge: Dodged            |   115 |    26 ||   141
  Block: Other             |       |     7 ||     7

Table legend: (Time is in decaauts)
 A = Elapsed time spent in this place.
 B = Non-inter-level travel time spent in this place.
 C = Inter-level travel time spent in this place.
 D = Time resting spent in this place.
 E = Time spent auto-exploring this place.
 F = Levels seen in this place.
 G = Mean time per level.
                   A        B        C        D        E       F      G
               +--------+--------+--------+--------+--------+-----+--------+
         Total |   3344 |   3286 |     58 |    181 |   2394 |   4 |  836.0 |
       Dungeon |   3344 |   3286 |     58 |    181 |   2394 |   4 |  836.0 |
               +--------+--------+--------+--------+--------+-----+--------+

Top non-repeatable levels by time:
     D:2: 1272 daAuts
     D:3: 1043 daAuts
     D:1: 620 daAuts
     D:4: 407 daAuts
